 Dungeon Crawl Stone Soup version 0.30.1-11-g7821555f0a (webtiles) character file.

Game seed: 5328925556903742416

352 Peloso the Slasher (level 6, -4/53 HPs)
             Began as a Minotaur Fighter on Oct 27, 2023.
             Killed by divine providence
             ... invoked by an orc priest
              (12 damage)
             ... on level 5 of the Dungeon.
             The game lasted 00:06:08 (3517 turns).

Peloso the Slasher (Minotaur Fighter)               Turns: 3517, Time: 00:06:08

Health: -4/53      AC: 13    Str: 20    XL:     6   Next: 35%
Magic:  5/5        EV:  6    Int:  5    God:
Gold:   298        SH:  5    Dex: 12    Spells: 5/5 levels left

rFire   . . .        a - +0 long sword
rCold   . . .        d - +0 buckler
rNeg    . . .        i - +0 plate armour
rPois   .            (helmet restricted)
rElec   .            (no cloak)
rCorr   +            (no gloves)
SInv    .            h - +0 pair of boots
Will    .....        (no amulet) Stlth
                     s - ring of resist corrosion
HPRegen 0.28/turn    (no ring)
MPRegen 0.09/turn

%: no passive effects
@: no status effects
A: horns 2, retaliatory headbutt
a: no special abilities


You were on level 5 of the Dungeon.
You visited 1 branch of the dungeon, and saw 6 of its levels.

You collected 298 gold pieces.

Inventory:

Hand Weapons
 a - a +0 long sword (weapon)
Armour
 b - a +0 scale mail
 d - a +0 buckler (worn)
 h - a +0 pair of boots (worn)
 i - a +0 plate armour (worn)
Jewellery
 s - a ring of resist corrosion (left hand)
 v - an amulet of regeneration
Wands
 t - a wand of paralysis (16)
Scrolls
 c - a scroll of brand weapon {unknown}
 e - 2 scrolls of amnesia
 g - a scroll of summoning {unknown}
 j - a scroll of vulnerability {unknown}
 m - 2 scrolls of teleportation {unknown}
 p - a scroll of noise
 r - a scroll of fear {unknown}
 w - a scroll of torment {unknown}
Potions
 f - 2 potions of might
 k - a potion of invisibility
 l - a potion of heal wounds
 n - a potion of curing
 o - a potion of lignification
 q - a potion of ambrosia
 u - a potion of flight {unknown}
 x - 2 potions of mutation {unknown}


   Skills:
 + Level 4.6 Fighting
 + Level 5.5 Long Blades
 + Level 5.3 Armour
 + Level 0.9 Dodging
 + Level 0.5 Stealth
 + Level 4.6 Shields


You had 5 spell levels left.
You didn't know any spells.
Your spell library contained the following spells:

 Spells                   Type           Power      Damage    Failure   Level
 Poisonous Vapours        Pois/Air       0%         N/A       100%        2
 Mephitic Cloud           Conj/Pois/Air  0%         N/A       100%        3
 Freezing Cloud           Conj/Ice/Air   0%         6-21      100%        5


Dungeon Overview and Level Annotations

Branches:
Dungeon (6/15)             Temple (0/1) D:4

Altars:
Dithmenos

Annotations:
D:3 1 runed translucent door, diealot's ghost, amateur SpWr
D:4 1 runed translucent door, kalagan's ghost, amateur DECj


Innate Abilities, Weirdness & Mutations

You have a pair of horns on your head.
You reflexively headbutt those who attack you in melee.


Message History

You feel much better. Something hits you but does no damage.
Unknown command.
You miss something. Your headbutt misses something.
Something hits you but does no damage.
You barely miss something.
You hear some strange, mumbled words.
A puff of flame appears from out of thin air!
You block the puff of flame.
The orc priest begins to cast a cantrip, but forgets the words!
You hit something but do no damage.
An orc wizard appears from thin air!
Reactivating autopickup.
The orc wizard hits you but does no damage.
You closely miss the orc wizard. Your headbutt misses the orc wizard.
The orc wizard is severely wounded.
The orc wizard closely misses you.
The orc priest mumbles some strange prayers to Beogh against you.
Beogh smites you!
You slash the orc wizard!
You kill the orc wizard!
You hit the orc priest.
The orc priest is moderately wounded.
The orc priest hits you with a +0 mace.
You hit the orc priest. You headbutt the orc priest.
The orc priest is severely wounded.
The orc priest hits you but does no damage.
The orc priest hits you with a +0 mace.
* * * LOW HITPOINT WARNING * * *
You barely miss the orc priest.
The orc priest is severely wounded.
The orc priest mumbles some strange prayers to Beogh against you.
Pain shoots through your body!
* * * LOW HITPOINT WARNING * * *
You hit the orc priest. Your headbutt misses the orc priest.
The orc priest is almost dead.
You block the orc priest's attack.
You closely miss the orc priest.
The orc priest is almost dead.
The orc priest mumbles some strange prayers to Beogh against you.
Beogh smites you!
You die...

#.#.......#
#.#
..#.......#
#.#
.##.......#
#.# .
#####.#....
#.# .
#.#.### #.#
. #.#.# #.#
(.#.# #.#
.##.. #.#
## ## #@#
#o# #.# #.#
#.# #.#
...o....#
.o...####
....


You could see an orc priest.

Vanquished Creatures
  A phantom (D:5)
  2 hounds (D:4)
  An orc wizard (D:5)
  3 gnolls
  3 adders
  An ufetubus (D:6)
  13 dart slugs
  13 orcs
  10 ball pythons
  2 bats
  5 endoplasms
  A giant cockroach (D:2)
  5 goblins
  6 hobgoblins
  11 jackals
  6 quokkas
  2 frilled lizards (D:1)
  A kobold (D:1)
  6 rats
92 creatures vanquished.

Vanquished Creatures (others)
  A dart slug (D:4)
1 creature vanquished.

Grand Total: 93 creatures vanquished

Notes
Turn   | Place    | Note
-------+----------+-------------------------------------------
     0 | D:1      | Peloso the Minotaur Fighter began the quest for the Orb.
     0 | D:1      | Reached XP level 1. HP: 19/19 MP: 0/0
    88 | D:1      | Reached XP level 2. HP: 20/27 MP: 1/1
   750 | D:1      | Reached XP level 3. HP: 33/33 MP: 2/2
  1031 | D:2      | Found a faded altar of an unknown god.
  1488 | D:2      | Reached XP level 4. HP: 40/41 MP: 3/3
  1943 | D:3      | Found a runed translucent door.
  1943 | D:3      | Noticed diealot's ghost (amateur SpWr)
  2614 | D:4      | Reached XP level 5. HP: 47/47 MP: 4/4
  2804 | D:4      | Found a shadowy altar of Dithmenos.
  2826 | D:4      | Reached skill level 5 in Armour
  3012 | D:4      | Found a runed translucent door.
  3012 | D:4      | Noticed kalagan's ghost (amateur DECj)
  3054 | D:4      | Found a staircase to the Ecumenical Temple.
  3055 | D:4      | You fall into a shaft and drop 2 floors!
  3281 | D:5      | Entered Level 5 of the Dungeon
  3335 | D:5      | Reached skill level 5 in Long Blades
  3378 | D:5      | Noticed a phantom
  3392 | D:5      | Killed a phantom
  3393 | D:5      | Reached XP level 6. HP: 47/53 MP: 5/5
  3517 | D:5      | Killed from afar by an orc priest

Illustrated notes

Levels and vault maps discovered:
D:1:      psy_arrival_terrarium, layout_loops_ring
D:2:      layout_basic, shapermc_ecumenical_altar_mp_highgroup,
          minmay_misc_feat_x
D:3:      layout_basic, gammafunk_ghost_grave, chequers_serial_rivers_micro_b
D:4:      kennysheep_slugbush, layout_rooms, lemuel_mausoleum_altar_yredelemnul,
          nicolae_dithmenos_shadow_blocks, minmay_temple_entry_fiery,
          ebering_ghost_sewer_f
D:5:      layout_basic, uniq_sigmund
D:6:      minmay_evil_eye, layout_basic, serial_shops, shop, uniq_edmund,
          uniq_duvessa

Skill      XL: |  1  2  3  4  5 |
---------------+----------------+-----
Armour         | 4 5 |  5.3
Fighting       | 4 |  4.6
Shields        | 4 |  4.6
Long Blades    | 3 4 5 |  5.5
Dodging        | |  0.9
Stealth        | |  0.5

Action                     |  1- 3 |  4- 6 || total
---------------------------+-------+-------++-------
  Melee: Long sword        |    81 |   169 ||   250
         Headbutt          |    18 |    24 ||    42
    Use: Scroll            |       |     8 ||     8
         Potion            |       |     1 ||     1
 Armour: Scale mail        |    37 |     1 ||    38
         Plate armour      |       |   127 ||   127
  Dodge: Dodged            |    34 |    53 ||    87
  Block: Buckler           |    18 |    35 ||    53
